 Dungeon Crawl Stone Soup version bcrawl-1.37.2 (webtiles) character file.

Game seed: 821258115507391317

250876 Mehrunes the Basher (level 10, -7/76 (77) HPs)
             Began as a Demonspawn Fighter on Nov 8, 2022.
             Was an Initiate of Okawaru.
             Mangled by a vampire mosquito (9 damage)
             ... on level 7 of the Dungeon.
             The game lasted 00:22:40 (9769 turns).

Mehrunes the Basher (Demonspawn Fighter)            Turns: 9769, Time: 00:22:40

HP:   -7/76 (77)    AC: 11    Str: 19    XL:     10   Next: 17%
MP:   10/10         EV:  2    Int: 10    God:    Okawaru [......]
Gold: 586           SH: 10    Dex: 13    Spells: 9/9 levels left

rFire    + + .     GDR:     27% a - +0 flail
rCold    . . .     SeeInvis .   c - +0 medium shield
rNeg     . . .     Gourm    .   n - +0 plate armour
rPois    .         Faith    .   (helmet restricted)
rElec    .         Spirit   .   (no cloak)
rCorr    .         Reflect  .   (no gloves)
MR       .....                  (no boots)
Stlth    ..........             (no amulet)
HPRegen  0.22/turn              h - ring of wizardry
MPRegen  0.12/turn              q - ring of protection from fire

@: about to teleport
A: antennae 1, claws 2, talons 1, fire resistance 1, powered by pain 2
a: Renounce Religion


You were on level 7 of the Dungeon.
You worshipped Okawaru.
Okawaru was noncommittal.
You were near starving.

You visited 2 branches of the dungeon, and saw 9 of its levels.

You collected 586 gold pieces.

Inventory:

Hand Weapons
 a - a +0 flail (weapon)
 w - a +1 mace of draining
 A - a +0 whip of freezing
 B - a +0 hunting sling
Missiles
 v - 260 sling bullets
Armour
 b - a +0 scale mail
 c - a +0 medium shield (worn)
 n - a +0 plate armour (worn)
Magical Staves
 x - an uncursed staff of wizardry
Jewellery
 h - a ring of wizardry (left claw)
 q - a ring of protection from fire (right claw)
 y - the amulet "Ladgh" {Inacc Int+3}
   (You found it on level 3 of the Dungeon)

   [amulet of inaccuracy]

   It reduces the accuracy of all your attacks.
   It affects your intelligence (+3).
Wands
 F - a wand of charming (2)
Scrolls
 f - 6 scrolls of teleportation
 g - a scroll of fear {unknown}
 k - a scroll of magic mapping
 l - 6 scrolls of enchant armour
 m - 2 scrolls of fog
 o - 4 scrolls of remove curse
 p - 2 scrolls of immolation {unknown}
 s - 2 scrolls of noise
 G - a scroll of enchant weapon {unknown}
 H - 3 scrolls of blinking {unknown}
Potions
 d - a potion of resistance {unknown}
 i - 3 potions of lignification {unknown}
 j - 2 potions of degeneration {unknown}
 r - a potion of magic {unknown}
 t - 2 potions of curing {unknown}
 u - 2 potions of brilliance {unknown}
 z - a potion of flight {unknown}
 C - a potion of heal wounds {unknown}
 D - 2 potions of cancellation {unknown}
 E - a potion of invisibility {unknown}
Comestibles
 e - 13 rations {!d}


   Skills:
 + Level 6.4 Fighting
 + Level 11.4 Maces & Flails
 - Level 2.6 Armour
 + Level 6.0 Shields


You had 9 spell levels left.
You didn't know any spells.
Your spell library contained the following spells:

 Spells                   Type           Power        Failure   Level  Hunger
 Necrotize                Necr           #.....       100%        1    None
 Slow                     Hex            #.......     100%        1    None
 Ensorcelled Hibernation  Hex/Ice        #.....       100%        2    ####...
 Confuse                  Hex            #.......     100%        3    #####..
 Dazzling Orbs            Conj/Hex       #......      100%        3    #####..
 Tukima's Dance           Hex            #.......     100%        3    #####..
 Vampiric Draining        Necr           #.........   100%        3    #####..
 Agony                    Necr           #.......     100%        4    ######.
 Animate Dead             Necr           N/A          100%        4    ######.
 Cause Fear               Hex            #.........   100%        4    ######.
 Dispel Undead            Necr           #.......     100%        5    #######


Dungeon Overview and Level Annotations

Branches:
Dungeon (8/12)             Temple (1/1) D:7
   Lair: D:7-9          Orc: D:8-11

Altars:
Ashenzari
Dithmenos
Fedhas
Gozag
Hepliaklqana
Kikubaaqudgha
Lugonu
Makhleb
Nemelex Xobeh
Okawaru
Qazlal
Ru
Trog
Vehumet
Wu Jian
Xom
Yredelemnul

Shops:
D:6 [}   D:7 !?*=*

Annotations:
D:6 1 runed door, Eustachio


Innate Abilities, Weirdness & Mutations

You have a pair of small antennae on your head.
You have very sharp fingernails.
You have sharp toenails.
Your flesh is heat resistant. (rF+)
You sometimes gain power by taking damage.


Message History

The vampire mosquito draws strength from your injuries!
You block the vampire mosquito's attack.
You closely miss the vampire mosquito. You claw the vampire mosquito.
The vampire mosquito is almost destroyed.
The vampire mosquito bites you!
* * * LOW HITPOINT WARNING * * *
The vampire mosquito draws strength from your injuries!
You closely miss the vampire mosquito.
The vampire mosquito is severely damaged.
The vampire mosquito bites you!
* * * LOW HITPOINT WARNING * * *
The vampire mosquito draws strength from your injuries!
The vampire mosquito bites you.
* * * LOW HITPOINT WARNING * * *
The vampire mosquito draws strength from your injuries!
Evoke which item? (* to show all) (? for menu, Esc to quit)
Okay, then.
As you read the scroll of teleportation, it crumbles to dust.
You feel strangely unstable. The vampire mosquito bites you!
You die...

#####.#########..#.# #...........
..#.#.#########..#.# #...........
#<#...........#..#.# #...........
#.#....######.#..#o# #...........
#..#........#.#..#.# #...........
#..).#......#.#..#.# #...........
.#.∩.#.#....#.#..#.# #...[.......
.......#.#.##.#..#.# #...........
...#.#.#....#.#.@#.###..........#
...#.#.###..#.#.y#..###.......###
.....#.#............# #.......#
....##.#.#...#.#....# ###########
.......#.#..#.#.#..######.......#
....####.#.#.#.#.#..............#
....# #....#.>.#...............#
....######.#.#[#.#.............(#
.......###..#.#.#...............#


You could see a vampire mosquito.

Vanquished Creatures
  Pikel (D:4)
  Prince Ribbit (D:5)
  A harpy skeleton (D:7)
  A hippogriff (D:7)
  A shadow (D:6)
  A yak (D:5)
  A vampire mosquito (D:7)
  A hungry ghost (D:6)
  Edmund (D:4)
  Duvessa (D:4)
  A water moccasin (D:6)
  2 sky beasts
  2 slaves
  4 necrophages (D:6)
  2 orc warriors
  A phantom (D:7)
  A black bear (D:7)
  2 ogres
  A bullfrog (D:7)
  A centaur (D:7)
  Dowan (D:4)
  A scorpion (D:4)
  3 killer bees (D:7)
  A howler monkey (D:4)
  An orc priest (D:6)
  7 crimson imps
  2 hounds
  2 iguanas
  5 orc wizards
  7 worker ants
  A killer bee zombie (D:7)
  2 hound zombies
  A hound skeleton (D:4)
  2 worker ant zombies (D:6)
  4 gnolls
  9 adders
  A shadow imp (D:6)
  An adder zombie (D:5)
  An adder skeleton (D:4)
  6 worms
  3 dart slugs
  5 leopard geckos
  15 orcs
  6 bats
  5 giant cockroaches
  4 goblins
  7 hobgoblins
  2 jackals (D:1)
  12 kobolds
  3 quokkas
  A ball python (D:1)
  4 frilled lizards
  6 rats
158 creatures vanquished.

Vanquished Creatures (collateral kills)
  3 orc wizards
  An orc (D:7)
4 creatures vanquished.

Vanquished Creatures (others)
  A hound (D:5)
  A bush (D:6)
  4 plants (D:6)
6 creatures vanquished.

Grand Total: 168 creatures vanquished

Notes
Turn   | Place    | Note
-------+----------+-------------------------------------------
     0 | D:1      | Mehrunes the Demonspawn Fighter began the quest for the
                  | Orb.
     0 | D:1      | Reached XP level 1. HP: 18/18 MP: 1/1
    43 | D:1      | Reached skill level 2 in Maces & Flails
   377 | D:1      | Gained mutation: You have a pair of small antennae on your
                  | head. [demonic ancestry]
   377 | D:1      | Reached XP level 2. HP: 24/24 MP: 2/2
  1420 | D:2      | Gained mutation: You have sharp fingernails. [demonic
                  | ancestry]
  1420 | D:2      | Reached XP level 3. HP: 29/29 MP: 3/3
  1422 | D:2      | Reached skill level 3 in Maces & Flails
  1598 | D:2      | Found a faded altar of an unknown god.
  1753 | D:1      | Gained mutation: You sometimes gain a little power by
                  | taking damage. [demonic ancestry]
  1753 | D:1      | Reached XP level 4. HP: 24/35 MP: 4/4
  1963 | D:2      | Reached skill level 4 in Maces & Flails
  2184 | D:2      | Found an ornate altar of the Wu Jian Council.
  2539 | D:2      | Found a sparkling altar of Nemelex Xobeh.
  2865 | D:3      | Gained mutation: You have very sharp fingernails. [demonic
                  | ancestry]
  2865 | D:3      | Reached XP level 5. HP: 41/41 MP: 5/5
  3026 | D:3      | Reached skill level 5 in Maces & Flails
  3214 | D:3      | Got a transparent sapphire amulet
  3220 | D:3      | Identified the cursed amulet "Ladgh" {Inacc Int+3} (You
                  | found it on level 3 of the Dungeon)
  3326 | D:4      | Gained mutation: You sometimes gain power by taking damage.
                  | [demonic ancestry]
  3326 | D:4      | Reached XP level 6. HP: 43/47 MP: 6/6
  3417 | D:4      | Noticed Duvessa
  3417 | D:4      | Noticed Dowan
  3448 | D:3      | Reached skill level 6 in Maces & Flails
  3490 | D:4      | Killed Duvessa
  3538 | D:4      | Killed Dowan
  3880 | D:4      | Gained mutation: Your flesh is heat resistant. (rF+)
                  | [demonic ancestry]
  3880 | D:4      | Reached XP level 7. HP: 52/52 MP: 7/7
  3896 | D:4      | Reached skill level 7 in Maces & Flails
  4166 | D:4      | Noticed Edmund
  4296 | D:4      | Reached skill level 8 in Maces & Flails
  4397 | D:4      | Killed Edmund
  4653 | D:5      | Entered Level 5 of the Dungeon
  4718 | D:4      | Reached XP level 8. HP: 39/58 MP: 8/8
  4810 | D:5      | Noticed Pikel
  4832 | D:5      | Found a corrupted altar of Lugonu.
  4937 | D:5      | Noticed Prince Ribbit
  4951 | D:5      | Killed Prince Ribbit
  4952 | D:5      | Reached skill level 9 in Maces & Flails
  5712 | D:4      | Killed Pikel
  5713 | D:4      | Reached skill level 10 in Maces & Flails
  5861 | D:5      | Noticed a two-headed ogre
  6142 | D:6      | Gained mutation: You have sharp toenails. [demonic
                  | ancestry]
  6142 | D:6      | Reached XP level 9. HP: 61/64 MP: 9/9
  6167 | D:6      | Found Deang's Antique Armour Shop.
  6196 | D:6      | Found Vetwarosch's Gadget Shop.
  6196 | D:6      | Noticed Eustachio
  6681 | D:6      | Found a blossoming altar of Fedhas.
  7090 | D:6      | Found a runed door.
  7138 | D:6      | Found a stormy altar of Qazlal.
  7269 | D:7      | Found Itwirano's Magic Scroll Shop.
  7282 | D:7      | Found Nocohiut's Distillery.
  7795 | D:5      | Reached skill level 5 in Fighting
  7795 | D:5      | Reached skill level 11 in Maces & Flails
  7915 | D:5      | Reached skill level 5 in Shields
  8193 | D:7      | Found Voliniw's Assorted Antiques.
  8327 | D:7      | Found a staircase to the Ecumenical Temple.
  8610 | D:7      | Found Bereawy's Assorted Antiques.
  8631 | D:7      | Reached XP level 10. HP: 50/75 MP: 10/10
  8974 | Temple   | Entered the Ecumenical Temple
  9046 | Temple   | Became a worshipper of Warmaster Okawaru
  9374 | D:7      | Found Xejico Lumu's Jewellery Shoppe.
  9465 | D:7      | Found a shimmering altar of Xom.
  9467 | D:7      | Found a burning altar of Makhleb.
  9768 | D:7      | HP: 2/76 [vampire mosquito (5)]
  9769 | D:7      | Mangled by a vampire mosquito

Skill      XL: |  1  2  3  4  5  6  7  8  9 10 |
---------------+-------------------------------+-----
Maces & Flails | 2 3 4 5 6 8 10 11 | 11.4
Shields        | 3 5 6 |  6.0
Fighting       | 6 |  6.4
Armour         | |  2.6

Action                   |  1- 3 |  4- 6 |  7- 9 | 10-12 || total
-------------------------+-------+-------+-------+-------++-------
Melee: Flail             |   103 |   103 |   193 |    28 ||   427
       Mace              |       |    50 |   221 |    36 ||   307
       Kick              |       |       |    72 |    17 ||    89
 Fire: Hunting sling     |       |       |    23 |       ||    23
Evoke: Wand              |       |     2 |     5 |     1 ||     8
  Use: Scroll            |       |     4 |     3 |     1 ||     8
       Potion            |       |       |     1 |       ||     1
  Eat: Chunk             |     4 |    13 |    12 |     5 ||    34
       Ration            |       |       |     6 |       ||     6
Armor: Scale mail        |    39 |    52 |       |       ||    91
       Plate armour      |       |    33 |   306 |    45 ||   384
Dodge: Dodged            |    44 |    57 |    92 |     2 ||   195
Block: Medium shield     |    14 |       |       |    34 ||    48
